 Dungeon Crawl Stone Soup version 0.25-b1-37-g2669288c55 (webtiles) character file.

Game seed: 4075610658105792674

11211 Chiseanne the Basher (level 11, -28/83 HPs)
             Began as a Gnoll Wanderer on June 4, 2020.
             Was an Initiate of Gozag.
             Annihilated by a white ugly thing (35 damage)
             ... on level 10 of the Dungeon.
             The game lasted 00:51:59 (12502 turns).

Chiseanne the Basher (Gnoll Wanderer)              Turns: 12502, Time: 00:52:00

Health: -28/83     AC: 12    Str: 18    XL:     11   Next: 74%
Magic:  20/20      EV: 21    Int: 14    God:    Gozag
Gold:   178        SH:  0    Dex: 15    Spells: 21/22 levels left

rFire    . . .     SeeInvis .   a - +6 great mace (holy)
rCold    . . .     Gourm    .   (shield currently unavailable)
rNeg     . . .     Faith    .   z - +2 scale mail
rPois    .         Spirit   .   j - +1 helmet
rElec    .         Reflect  .   (no cloak)
rCorr    +         Harm     .   (no gloves)
MR       .....                  (no boots)
Stlth    +++.......             (no amulet)
HPRegen  0.23/turn              A - ring of resist corrosion
MPRegen  0.17/turn              N - ring of Phasing {EV+8}

@: no status effects
A: distributed training, fangs 1, strong nose
a: Potion Petition, Call Merchant, Bribe Branch, Renounce Religion


You were on level 10 of the Dungeon.
You worshipped Gozag.
Gozag was aware of your devotion.
You were not hungry.

You visited 3 branches of the dungeon, and saw 14 of its levels.

You collected 2719 gold pieces.
You spent 1187 gold pieces at shops.
You paid 1354 gold pieces to Gozag.

Inventory:

Hand Weapons
 a - a +6 great mace of holy wrath (weapon)
 d - a +3 broad axe of venom
 s - a +1 dagger of speed
Missiles
 i - 3 poisoned darts (quivered)
 k - 7 silver boomerangs
 q - 33 boomerangs
 t - 20 bolts
 x - 38 sling bullets
 I - 9 atropa-tipped darts
 O - 116 arrows
Armour
 j - a +1 helmet (worn)
 z - a +2 scale mail (worn)
Jewellery
 e - an uncursed ring of wizardry
 g - an uncursed ring of flight
 A - a ring of resist corrosion (left hand)
 H - an uncursed ring of stealth
 N - the ring of Phasing (right hand) {EV+8}
   (You found it on level 9 of the Dungeon)

   [ring of evasion]

   It affects your evasion (+8).
Wands
 B - a wand of enslavement (1)
 E - a wand of iceblast (8)
 J - a wand of paralysis (5)
 M - a wand of acid (2)
Scrolls
 b - 7 scrolls of teleportation
 c - 4 scrolls of remove curse
 h - a scroll of magic mapping
 p - 4 scrolls of blinking
 y - a scroll of immolation
Potions
 l - 2 potions of brilliance
 m - a potion of resistance
 o - a potion of lignification
 u - 2 potions of mutation
 v - 9 potions of curing
 w - a potion of ambrosia
 C - a potion of flight
 D - a potion of might
 F - a potion of stabbing
Comestibles
 f - 13 rations


   Skills:
 + Level 6.4 Fighting
 + Level 6.4 Short Blades
 + Level 6.4 Long Blades
 + Level 6.4 Axes
 + Level 9.3 Maces & Flails
 + Level 6.4 Polearms
 + Level 6.4 Staves
 + Level 6.4 Slings
 + Level 6.4 Bows
 + Level 6.4 Crossbows
 + Level 6.4 Throwing
 + Level 8.0 Armour
 + Level 6.4 Dodging
 + Level 8.9 Stealth
 + Level 7.0 Shields
 + Level 7.0 Unarmed Combat
 + Level 6.4 Spellcasting
 + Level 5.3 Conjurations
 + Level 5.3 Hexes
 + Level 5.3 Charms
 + Level 5.3 Summonings
 + Level 5.3 Necromancy
 + Level 5.3 Translocations
 + Level 5.3 Transmutations
 + Level 5.3 Fire Magic
 + Level 5.3 Ice Magic
 + Level 5.3 Air Magic
 + Level 5.3 Earth Magic
 + Level 5.3 Poison Magic
 + Level 7.1 Invocations
 + Level 6.4 Evocations


You had 21 spell levels left.
You knew the following spells:

 Your Spells              Type           Power        Failure   Level  Hunger
a - Apportation           Tloc           ###...       4%          1    None

Your spell library contained the following spells:

 Spells                   Type           Power        Failure   Level  Hunger
 Animate Skeleton         Necr           N/A          4%          1    None
 Corona                   Hex            ###....      4%          1    None
 Summon Small Mammal      Summ           ###.         4%          1    None


Dungeon Overview and Level Annotations

Branches:
Dungeon (11/15)            Temple (1/1) D:4            Lair (0/6) D:9
    Orc (2/2) D:10
    Elf: Orc:2

Altars:
Cheibriados
Dithmenos
Elyvilon
Fedhas
Gozag
Hepliaklqana
Kikubaaqudgha
Makhleb
Nemelex Xobeh
Okawaru
Qazlal
Ru
Sif Muna
Trog
Uskayaw
Vehumet
Xom
Yredelemnul
Zin
The Shining One
Beogh

Shops:
D:4 [   D:8 (   D:10 ((   Orc:1 !

Annotations:
D:11 Harold
Orc:2 Rupert


Innate Abilities, Weirdness & Mutations

Your experience applies equally to all skills.
You have very sharp teeth.
Your uncanny sense of smell can sniff out nearby items.


Message History

The white ugly thing is heavily wounded.
The white ugly thing completely misses you.
The white ugly thing punches you! The white ugly thing freezes you!!
You thump the white ugly thing!
The white ugly thing is heavily wounded.
The white ugly thing misses you.
You bludgeon the white ugly thing!! Your bite misses the white ugly thing.
The white ugly thing is severely wounded.
The white ugly thing punches you. The white ugly thing freezes you!!
* * * LOW HITPOINT WARNING * * *
You feel much better. The white ugly thing misses you.
You thump the white ugly thing!
The white ugly thing is almost dead.
The white ugly thing punches you. The white ugly thing freezes you!!
* * * LOW HITPOINT WARNING * * *
The white ugly thing punches you.
* * * LOW HITPOINT WARNING * * *
The white ugly thing freezes you!!
You die...
Your body crumbles into a pile of gold.

......)).##...#########..........
..)[#.)####.............#########
....#..#.)[[#.###.##.####
..)....##.###.# #.##.#
########..###.# #.##.#
####.#.#......# #.##.#
.......#......###.##.#
##.##.##..#'#..##.##.#
#.##.##..#∩#...@....############
#.##.##..###....u...[[[)........
##.##...>...........############.
#...#.............[..............
..#.......###.......###########..
#...#.##..# ###.#.### #).
##.##.##..#####.#.# #..
..................# #..
......#(#.#####.### #..


You could see a white ugly thing.

Vanquished Creatures
  A stone giant (Orc:1)
  2 orc knights
  An orc sorcerer (Orc:1)
  A komodo dragon (D:9)
  2 trolls
  Prince Ribbit (D:6)
  A hippogriff (D:9)
  8 yaks
  A human (D:9)
  2 hogs (D:9)
  A soldier ant (D:10)
  A water moccasin (D:8)
  An acid dragon (D:8)
  A hornet zombie (D:8)
  An ice beast (D:7)
  9 orc warriors
  A phantom (D:7)
  A sky beast (D:6)
  A swamp drake (D:10)
  12 ogres
  3 wolves (D:9)
  3 centaurs
  A big kobold (D:10)
  7 bullfrogs
  A gnoll sergeant (D:9)
  8 wights
  6 crimson imps
  A quasit (D:9)
  A bullfrog zombie (D:8)
  10 orc priests
  3 jellies
  2 centaur skeletons
  A bullfrog skeleton (D:10)
  3 hounds
  Natasha (thrice) (D:2)
  3 iguanas
  14 orc wizards
  4 worker ants
  A hound skeleton (D:2)
  A mummy (D:7)
  2 worker ant zombies
  Robin (D:1)
  8 adders
  7 gnolls
  2 shadow imps
  An ooze (D:2)
  2 adder zombies
  3 worms (D:2)
  3 dart slugs
  5 leopard geckos
  59 orcs
  5 giant cockroaches
  17 goblins
  14 hobgoblins
  15 kobolds
  4 quokkas
  4 bats
  2 frilled lizards
  A hobgoblin zombie (D:7)
  A jackal skeleton (D:4)
  3 orc zombies (D:7)
  A quokka skeleton (D:5)
  11 rats
  2 plants (D:9)
298 creatures vanquished.

Vanquished Creatures (collateral kills)
  Grum (D:9)
  A black bear (D:9)
  An orc warrior (Orc:2)
  An ogre (D:7)
  2 orcs (Orc:2)
6 creatures vanquished.

Vanquished Creatures (others)
  A bullfrog skeleton (D:8)
  3 plants (D:9)
4 creatures vanquished.

Grand Total: 308 creatures vanquished

Notes
Turn   | Place    | Note
-------+----------+-------------------------------------------
     0 | D:1      | Chiseanne the Gnoll Wanderer began the quest for the Orb.
     0 | D:1      | Chiseanne set off with the following items: a +0 club, a
                  | scroll of teleportation, a potion of curing, a +2 scale
                  | mail, a +0 dagger, a ration
     0 | D:1      | Reached XP level 1. HP: 13/13 MP: 1/1
    85 | D:1      | Reached XP level 2. HP: 16/19 MP: 2/2
   285 | D:2      | Noticed Robin
   561 | D:2      | Reached XP level 3. HP: 25/25 MP: 3/3
   610 | D:2      | Reached skill level 1 in Invocations
   640 | D:2      | Reached skill level 1 in Fighting
   640 | D:2      | Reached skill level 1 in Short Blades
   640 | D:2      | Reached skill level 1 in Long Blades
   640 | D:2      | Reached skill level 1 in Axes
   640 | D:2      | Reached skill level 1 in Polearms
   640 | D:2      | Reached skill level 1 in Staves
   640 | D:2      | Reached skill level 1 in Slings
   640 | D:2      | Reached skill level 1 in Bows
   640 | D:2      | Reached skill level 1 in Crossbows
   640 | D:2      | Reached skill level 1 in Throwing
   640 | D:2      | Reached skill level 1 in Dodging
   640 | D:2      | Reached skill level 1 in Spellcasting
   640 | D:2      | Reached skill level 1 in Evocations
   645 | D:2      | Noticed Natasha
   658 | D:2      | Reached XP level 4. HP: 6/32 MP: 5/5
   899 | D:2      | Killed Natasha
  1035 | D:2      | Noticed Natasha
  1043 | D:2      | Killed Natasha
  1043 | D:2      | Reached skill level 1 in Conjurations
  1043 | D:2      | Reached skill level 1 in Hexes
  1043 | D:2      | Reached skill level 1 in Charms
  1043 | D:2      | Reached skill level 1 in Summonings
  1043 | D:2      | Reached skill level 1 in Necromancy
  1043 | D:2      | Reached skill level 1 in Translocations
  1043 | D:2      | Reached skill level 1 in Transmutations
  1043 | D:2      | Reached skill level 1 in Fire Magic
  1043 | D:2      | Reached skill level 1 in Ice Magic
  1043 | D:2      | Reached skill level 1 in Air Magic
  1043 | D:2      | Reached skill level 1 in Earth Magic
  1043 | D:2      | Reached skill level 1 in Poison Magic
  1083 | D:2      | Noticed Natasha
  1137 | D:1      | Reached XP level 5. HP: 7/37 MP: 6/6
  1555 | D:2      | Killed Natasha
  1769 | D:1      | Killed Robin
  2266 | D:3      | Noticed a fire elemental
  2268 | D:3      | Found a stormy altar of Qazlal.
  2376 | D:3      | Reached XP level 6. HP: 24/44 MP: 8/8
  2986 | D:4      | Found a staircase to the Ecumenical Temple.
  2992 | Temple   | Entered the Ecumenical Temple
  3118 | Temple   | Became a worshipper of Gozag Ym Sagoz the Greedy
  3461 | D:4      | Reached skill level 5 in Armour
  3584 | D:4      | Found Tevuiph's Antique Armour Emporium.
  3670 | D:5      | Entered Level 5 of the Dungeon
  3725 | D:5      | Reached XP level 7. HP: 39/50 MP: 10/10
  3967 | D:5      | Found a bloodstained altar of Trog.
  4019 | D:5      | Reached skill level 7 in Maces & Flails
  4020 | D:5      | Found a basalt altar of Yredelemnul.
  4024 | D:5      | Found a sparkling altar of Nemelex Xobeh.
  4709 | D:6      | Reached XP level 8. HP: 24/57 MP: 12/12
  4924 | D:6      | Found a shimmering blue altar of Sif Muna.
  4924 | D:6      | Found a burning altar of Makhleb.
  4927 | D:6      | Noticed Prince Ribbit
  4938 | D:6      | Killed Prince Ribbit
  5292 | D:7      | Found a sparkling altar of Nemelex Xobeh.
  5826 | D:7      | Reached XP level 9. HP: 65/65 MP: 14/14
  6446 | D:8      | Learned a level 1 spell: Apportation
  7146 | D:8      | Reached skill level 5 in Shields
  7146 | D:8      | Reached skill level 5 in Unarmed Combat
  7767 | D:9      | Reached skill level 8 in Maces & Flails
  8023 | D:9      | Noticed Grum
  8030 | D:9      | Reached skill level 5 in Invocations
  8044 | D:9      | Killed Grum
  8076 | D:9      | Reached XP level 10. HP: 11/73 MP: 15/17
  8419 | D:9      | Found the ring of Phasing {EV+8}
  8528 | D:8      | Bought a +6 great mace of holy wrath for 480 gold pieces
  8636 | D:9      | Reached skill level 5 in Fighting
  8636 | D:9      | Reached skill level 5 in Short Blades
  8636 | D:9      | Reached skill level 5 in Long Blades
  8636 | D:9      | Reached skill level 5 in Axes
  8636 | D:9      | Reached skill level 5 in Polearms
  8636 | D:9      | Reached skill level 5 in Staves
  8636 | D:9      | Reached skill level 5 in Slings
  8636 | D:9      | Reached skill level 5 in Bows
  8636 | D:9      | Reached skill level 5 in Crossbows
  8636 | D:9      | Reached skill level 5 in Throwing
  8636 | D:9      | Reached skill level 5 in Dodging
  8636 | D:9      | Reached skill level 5 in Spellcasting
  8636 | D:9      | Reached skill level 5 in Evocations
  8796 | D:9      | Found a staircase to the Lair.
  8928 | D:10     | Entered Level 10 of the Dungeon
  9623 | D:10     | Found a staircase to the Orcish Mines.
  9736 | Orc:1    | Entered Level 1 of the Orcish Mines
  9767 | Orc:1    | Found Coebbant's Distillery.
  9834 | Orc:1    | Reached XP level 11. HP: 81/81 MP: 19/19
  9860 | Orc:1    | Noticed an orc sorcerer
  9860 | Orc:1    | Noticed an orc knight
  9870 | Orc:1    | Noticed a soul eater
  9872 | Orc:1    | Noticed a sixfirhy
 10073 | Orc:1    | Killed an orc sorcerer
 10300 | D:10     | Killed an orc knight
 10395 | Orc:1    | Bought a potion of resistance for 150 gold pieces
 10395 | Orc:1    | Bought a potion of lignification for 45 gold pieces
 10395 | Orc:1    | Bought a potion of heal wounds for 75 gold pieces
 10395 | Orc:1    | Bought a potion of curing for 45 gold pieces
 10395 | Orc:1    | Bought a potion of flight for 45 gold pieces
 10395 | Orc:1    | Bought a potion of stabbing for 60 gold pieces
 10646 | Orc:1    | Noticed a stone giant
 10658 | D:10     | Reached skill level 9 in Maces & Flails
 10749 | Orc:1    | Killed a stone giant
 10749 | Orc:1    | Reached skill level 5 in Conjurations
 10749 | Orc:1    | Reached skill level 5 in Hexes
 10749 | Orc:1    | Reached skill level 5 in Charms
 10749 | Orc:1    | Reached skill level 5 in Summonings
 10749 | Orc:1    | Reached skill level 5 in Necromancy
 10749 | Orc:1    | Reached skill level 5 in Translocations
 10749 | Orc:1    | Reached skill level 5 in Transmutations
 10749 | Orc:1    | Reached skill level 5 in Fire Magic
 10749 | Orc:1    | Reached skill level 5 in Ice Magic
 10749 | Orc:1    | Reached skill level 5 in Air Magic
 10749 | Orc:1    | Reached skill level 5 in Earth Magic
 10749 | Orc:1    | Reached skill level 5 in Poison Magic
 11256 | Orc:1    | Found a roughly hewn altar of Beogh.
 11379 | Orc:2    | Entered Level 2 of the Orcish Mines
 11413 | Orc:2    | Noticed an orc knight
 11423 | Orc:2    | Killed an orc knight
 11700 | Orc:2    | Noticed an orc sorcerer
 11705 | Orc:2    | Noticed Rupert
 11905 | D:10     | Bought a glowing broad axe for 287 gold pieces
 11938 | D:10     | Found Piytsuy's Weapon Emporium.
 12287 | D:11     | Noticed a white ugly thing
 12292 | D:11     | Noticed Harold
 12488 | D:11     | Noticed a cyclops
 12502 | D:10     | Annihilated by a white ugly thing

Illustrated notes

Levels and vault maps discovered:
D:1:      nagdon_arrival_zigzag_paths, layout_loops_corners
D:2:      layout_loops_cross, first_ration, minmay_pentomino_pile, uniq_terence,
          uniq_robin, uniq_natasha
D:3:      layout_loops_corners, nicolae_qazlal_style_of_elements
D:4:      layout_gridville, temple_green, serial_shops, kennysheep_mini
D:5:      layout_cave_pools, cheibrodos_ashenzari_chains,
          nicolae_overflow_hidden_temple, trog_hazing_becter
D:6:      layout_loops_ring, gammafunk_temple_overflow_elements, serial_shops,
          nicolae_shop_overgrown_old_shop, sigmund_army, uniq_prince_ribbit1
D:7:      layout_basic, marbit_many_paths, basic_altar, minmay_mini_ossuary
D:8:      layout_basic
D:9:      layout_roguey, david_lair_shrubbed, grunt_livestock, uniq_grum
D:10:     layout_loops_ring, erik_orc_1, serial_shops, kennysheep_mini_moat
D:11:     layout_cave_pools, uniq_nergalle, uniq_harold
Temple:   regret_index_temple_waves
Orc:1:    layout_caves, basic_altar, serial_shops, nicolae_shop_stone
Orc:2:    st_orc_mages, layout_caves, uniq_rupert

Skill      XL: |  1  2  3  4  5  6  7  8  9 10 11 |
---------------+----------------------------------+-----
Stealth        | 6 7 8 |  8.9
Invocations    | 1 2 3 4 5 6 7 |  7.1
Fighting       | 1 2 3 4 5 6 |  6.4
Short Blades   | 1 2 3 4 5 6 |  6.4
Long Blades    | 1 2 3 4 5 6 |  6.4
Axes           | 1 2 3 4 5 6 |  6.4
Polearms       | 1 2 3 4 5 6 |  6.4
Staves         | 1 2 3 4 5 6 |  6.4
Slings         | 1 2 3 4 5 6 |  6.4
Bows           | 1 2 3 4 5 6 |  6.4
Crossbows      | 1 2 3 4 5 6 |  6.4
Throwing       | 1 2 3 4 5 6 |  6.4
Dodging        | 1 2 3 4 5 6 |  6.4
Spellcasting   | 1 2 3 4 5 6 |  6.4
Evocations     | 1 2 3 4 5 6 |  6.4
Conjurations   | 1 2 3 4 5 |  5.3
Hexes          | 1 2 3 4 5 |  5.3
Charms         | 1 2 3 4 5 |  5.3
Summonings     | 1 2 3 4 5 |  5.3
Necromancy     | 1 2 3 4 5 |  5.3
Translocations | 1 2 3 4 5 |  5.3
Transmutations | 1 2 3 4 5 |  5.3
Fire Magic     | 1 2 3 4 5 |  5.3
Ice Magic      | 1 2 3 4 5 |  5.3
Air Magic      | 1 2 3 4 5 |  5.3
Earth Magic    | 1 2 3 4 5 |  5.3
Poison Magic   | 1 2 3 4 5 |  5.3
Shields        | 3 4 5 6 7 |  7.0
Unarmed Combat | 3 4 5 6 7 |  7.0
Armour         | 5 6 7 8 |  8.0
Maces & Flails | 7 8 9 |  9.3

Action                   |  1- 3 |  4- 6 |  7- 9 | 10-12 || total
-------------------------+-------+-------+-------+-------++-------
Melee: Club              |    51 |       |       |       ||    51
       Bite              |    10 |    25 |    54 |    31 ||   120
       Short sword       |    13 |       |       |       ||    13
       Mace              |    62 |   207 |    66 |       ||   335
       Dagger            |       |    46 |    19 |       ||    65
       Punch             |       |     5 |     8 |       ||    13
       Trident           |       |       |   326 |    11 ||   337
       Great mace        |       |       |       |   283 ||   283
Throw: Stone             |     1 |       |       |       ||     1
       Dart              |       |    72 |    21 |    24 ||   117
       Javelin           |       |     3 |    21 |    58 ||    82
       Boomerang         |       |       |       |     6 ||     6
Invok: Call Merchant     |       |       |     1 |     1 ||     2
Evoke: Wand              |       |       |     5 |     7 ||    12
  Use: Scroll            |     3 |     5 |     6 |     4 ||    18
       Potion            |       |     3 |     1 |     5 ||     9
 Stab: Sleeping          |     1 |     4 |    12 |     3 ||    20
       Invisible         |       |       |       |     3 ||     3
       Distracted        |       |       |       |     3 ||     3
  Eat: Chunk             |       |     8 |       |       ||     8
       Ration            |       |     2 |     4 |     4 ||    10
Armor: Scale mail        |    64 |   132 |   182 |    71 ||   449
Dodge: Dodged            |    45 |   141 |   257 |   295 ||   738
